 Dungeon Crawl Stone Soup version 0.31-a0-917-ga885b83477 (webtiles) character file.

Game seed: 6589297773641611870

1811 BinkBink the Trooper (level 9, -4/55 HPs)
             Began as a Gargoyle Hunter on Oct 17, 2023.
             Was a Believer of Okawaru.
             Killed by nerve-wracking pain
             ... invoked by an orc priest
              (6 damage)
             ... on level 6 of the Dungeon.
             The game lasted 00:14:50 (6603 turns).

BinkBink the Trooper (Gargoyle Hunter)              Turns: 6603, Time: 00:14:50

Health: -4/55      AC: 20    Str: 21    XL:     9   Next: 10%
Magic:  9/9        EV: 11    Int: 16    God:    Okawaru [**....]
Gold:   233        SH: 10    Dex: 17    Spells: 8/8 levels left

rFire   + + .        o - +0 falchion
rCold   x . .        m - +0 buckler
rNeg    + . .        g - +0 fire dragon scales
rPois   ∞            e - +0 helmet
rElec   +            (no cloak)
rCorr   .            f - +1 pair of gloves
SInv    .            r - +0 pair of boots
Will    .....        n - amulet of reflection Stlth
                     j - +6 ring of strength
HPRegen 0.29/turn    i - +6 ring of intelligence
MPRegen 0.11/turn

%: reflection
@: no status effects
A: sickness immunity, AC +6, negative energy resistance 1, electricity
resistance, torment resistance 1, petrification resistance
a: Renounce Religion, Heroism


You were on level 6 of the Dungeon.
You worshipped Okawaru.
Okawaru was pleased with you.
You visited 2 branches of the dungeon, and saw 7 of its levels.

You collected 233 gold pieces.

Inventory:

Hand Weapons
 a - a +0 shortbow
 b - a +0 short sword of holy wrath
 o - a +0 falchion (weapon)
Missiles
 s - 2 throwing nets
Armour
 e - a +0 helmet (worn)
 f - a +1 pair of gloves (worn)
 g - +0 fire dragon scales (worn)
 m - a +0 buckler (worn)
 r - a +0 pair of boots (worn)
Jewellery
 i - a +6 ring of intelligence (right hand)
 j - a +6 ring of strength (left hand)
 n - an amulet of reflection (around neck)
Wands
 h - a wand of roots (5)
 q - a wand of light (4)
Scrolls
 d - a scroll of fear
 l - a scroll of brand weapon
 t - a scroll of revelation {unknown}
 w - a scroll of vulnerability {unknown}
Potions
 c - a potion of might
 k - a potion of haste
 p - 2 potions of mutation {unknown}
 u - a potion of cancellation {unknown}
 v - a potion of brilliance


   Skills:
 + Level 5.7 Fighting
 - Level 0.1(3.4) Short Blades
 * Level 5.6 Long Blades
 - Level 4.0 Ranged Weapons
 + Level 5.1 Armour
 + Level 4.2 Dodging
 - Level 1.1 Stealth
 + Level 4.5 Shields


You had 8 spell levels left.
You didn't know any spells.
Your spell library contained the following spells:

 Spells                   Type           Power      Damage    Failure   Level
 Sandblast                Erth           0%         2d4       67%         1
 Passwall                 Tmut/Erth      0%         N/A       82%         2
 Stone Arrow              Conj/Erth      0%         3d7       96%         3
 Brom's Barrelling Bould  Conj/Erth      0%         2d3       100%        4


Dungeon Overview and Level Annotations

Branches:
Dungeon (6/15)             Temple (1/1) D:4

Altars:
Ashenzari
Cheibriados
Dithmenos
Elyvilon
Gozag
Hepliaklqana
Kikubaaqudgha
Makhleb
Nemelex Xobeh
Okawaru
Qazlal
Ru
Sif Muna
Uskayaw
Wu Jian
Xom
Yredelemnul
Zin
The Shining One


Innate Abilities, Weirdness & Mutations

You are immune to sickness and miasma.
Your stone body is resilient. (AC +6)
You are immune to poison.
You resist negative energy. (rN+)
You are resistant to electric shocks. (rElec)
You are resistant to unholy torment.
You are immune to petrification.


Message History

You slash something! Something completely misses you.
Something hits you but does no damage.
You completely miss something.
Something hits you but does no damage. x2
Something hits you but does no damage.
The orc priest shouts!
Something hits you. You block something's attack.
The orc priest calls down the wrath of Beogh upon you.
Pain shoots through your body!
The orc priest calls down the wrath of Beogh upon you.
Beogh smites you! Something hits you but does no damage.
You block the orc priest's attack. Something hits you but does no damage.
You hit the orc priest.
The orc priest is moderately wounded.
Something hits you. The orc priest completely misses you. Something hits you.
* * * LOW HITPOINT WARNING * * *
You block the orc priest's attack.
You hit the orc priest but do no damage.
The orc priest is moderately wounded.
Something hits you.
* * * LOW HITPOINT WARNING * * *
You block something's attack. The orc priest completely misses you.
You slash the orc priest!
The orc priest is almost dead.
Something hits you.
* * * LOW HITPOINT WARNING * * *
Something hits you but does no damage.
The orc priest mumbles some strange prayers to Beogh against you.
Pain shoots through your body!
* * * LOW HITPOINT WARNING * * *
Okay, then.
As you read the scroll of fear, it crumbles to dust.
You assume a fearsome visage.
The orc priest looks frightened!
The orc priest invokes the aid of Beogh against you.
Beogh smites you!
* * * LOW HITPOINT WARNING * * *
Unknown command.
The orc priest mumbles some strange prayers to Beogh against you.
Pain shoots through your body!
You die...

##.#.##.............. ##
#.#.###.############# #. ###
#.#.......... #. ..###.#######...
## #.......##....... #.
####.......##...# ##
.##.............. #.
..........#.################## #.
.#........#.o...@............###.
.##..........#####.#.........#...
..##.....#..##.....###.........##
...............###>##........####
###..........................# #
#...........##....###....).###
##.........###....# ###.#....#
##......#)####....# #.#....#
###........[.##.....# #.#....#


You could see an orc priest (fleeing).

Vanquished Creatures
  Sigmund (D:2)
  A water moccasin (D:5)
  An orc warrior (D:5)
  A black bear (D:4)
  An ogre (D:5)
  A phantom (D:5)
  A kobold brigand (D:4)
  4 scorpions
  2 bullfrogs (D:6)
  3 hounds
  5 orc priests
  A sleepcap (D:3)
  Jessica (D:2)
  6 iguanas
  Terence (D:2)
  4 orc wizards
  4 gnolls (D:3)
  8 adders
  A worm (D:3)
  2 dart slugs
  18 orcs
  12 ball pythons
  A bat (D:2)
  2 endoplasms
  3 giant cockroaches
  3 hobgoblins
  6 jackals
  4 quokkas
  3 frilled lizards
  4 goblins
  7 kobolds
  6 rats
118 creatures vanquished.

Vanquished Creatures (others)
  A shadow imp (D:6)
1 creature vanquished.

Grand Total: 119 creatures vanquished

Notes
Turn   | Place    | Note
-------+----------+-------------------------------------------
     0 | D:1      | BinkBink the Gargoyle Hunter began the quest for the Orb.
     0 | D:1      | Reached XP level 1. HP: 12/12 MP: 1/1
   217 | D:1      | Reached XP level 2. HP: 18/18 MP: 2/2
   283 | D:1      | Reached skill level 1 in Armour
   374 | D:1      | Found a faded altar of an unknown god.
  1002 | D:2      | Noticed Terence
  1103 | D:2      | Killed Terence
  1104 | D:2      | Reached XP level 3. HP: 23/23 MP: 3/3
  1267 | D:2      | Noticed Sigmund
  1282 | D:2      | HP: 1/23 [Sigmund/+0 scythe (8)]
  1328 | D:2      | You fall into a shaft and drop 2 floors!
  1415 | D:4      | Reached XP level 4. HP: 27/28 MP: 4/4
  1501 | D:3      | Reached skill level 1 in Long Blades
  1509 | D:3      | Reached skill level 1 in Shields
  1512 | D:3      | Reached XP level 5. HP: 28/32 MP: 5/5
  1688 | D:4      | Found a staircase to the Ecumenical Temple.
  1815 | Temple   | Entered the Ecumenical Temple
  1837 | Temple   | Became a worshipper of Warmaster Okawaru
  1950 | D:2      | Found an ancient bone altar of Kikubaaqudgha.
  2296 | D:2      | Killed Sigmund
  2297 | D:2      | Reached XP level 6. HP: 34/38 MP: 6/6
  2539 | D:2      | Noticed Jessica
  2553 | D:2      | Killed Jessica
  2941 | D:3      | Found a glowing silver altar of Zin.
  2941 | D:3      | Found a shadowy altar of Dithmenos.
  3177 | D:3      | Reached XP level 7. HP: 41/43 MP: 7/7
  3423 | D:4      | Reached * piety under Okawaru
  3855 | D:5      | Entered Level 5 of the Dungeon
  3991 | D:5      | Reached XP level 8. HP: 45/48 MP: 8/8
  4185 | D:5      | Reached skill level 5 in Fighting
  4649 | D:6      | Reached skill level 5 in Long Blades
  4662 | D:6      | Reached ** piety under Okawaru
  5178 | D:6      | Found a basalt altar of Yredelemnul.
  5907 | D:6      | Reached skill level 5 in Armour
  5907 | D:6      | Reached XP level 9. HP: 14/54 MP: 9/9
  6148 | D:6      | Found a white marble altar of Elyvilon.
  6601 | D:6      | HP: 2/55 [orc priest/divine providence (9)]
  6603 | D:6      | Killed from afar by an orc priest

Illustrated notes

Levels and vault maps discovered:
D:1:      dpeg_arrival_pits, layout_basic, shapermc_ecumenical_altar_ellora
D:2:      layout_loops_ring, basic_altar, uniq_terence, uniq_sigmund,
          uniq_jessica
D:3:      layout_loops_cross, amethyst_overflow_temple_binary
D:4:      layout_cave_pools, minmay_temple_entry_butterflies,
          lexackson_kobold_supper
D:5:      layout_loops_cross
D:6:      layout_rooms, kennysheep_little_box, lemuel_coloured_pillars_altar,
          nicolae_elyvilon_temple_path, kennysheep_nondescript,
          nicolae_twisty_statue_hallways
Temple:   jpeg_temple_clearing

Skill      XL: |  1  2  3  4  5  6  7  8 |
---------------+-------------------------+-----
Armour         | 1 2 3 5 |  5.1
Dodging        | 2 3 4 |  4.2
Fighting       | 3 4 5 |  5.7
Long Blades    | 1 2 4 5 |  5.6
Shields        | 1 2 3 4 |  4.5
Short Blades   | |  0.1
Ranged Weapons | |  4.0
Stealth        | |  1.1

Action                     |  1- 3 |  4- 6 |  7- 9 || total
---------------------------+-------+-------+-------++-------
  Melee: Falchion          |    31 |   179 |   498 ||   708
         Short sword       |    10 |       |       ||    10
   Fire: Shortbow          |    83 |       |       ||    83
    Use: Scroll            |     1 |       |     5 ||     6
         Potion            |     1 |     2 |     2 ||     5
   Stab: Sleeping          |       |     1 |       ||     1
 Armour: Leather armour    |    51 |    93 |    81 ||   225
         Fire dragon scale |       |       |   357 ||   357
  Dodge: Dodged            |    73 |    88 |   224 ||   385
  Block: Buckler           |    16 |    97 |   276 ||   389
         Reflection        |       |     1 |     1 ||     2

Table legend: (Time is in decaauts)
 A = Elapsed time spent in this place.
 B = Non-inter-level travel time spent in this place.
 C = Inter-level travel time spent in this place.
 D = Time resting spent in this place.
 E = Time spent auto-exploring this place.
 F = Levels seen in this place.
 G = Mean time per level.
                   A        B        C        D        E       F      G
               +--------+--------+--------+--------+--------+-----+--------+
         Total |   6752 |   6382 |    370 |    819 |   3594 |   7 |  964.6 |
       Dungeon |   6707 |   6371 |    336 |    819 |   3594 |   6 | 1117.8 |
        Temple |     44 |     10 |     34 |      0 |      0 |   1 |   44.0 |
               +--------+--------+--------+--------+--------+-----+--------+

Top non-repeatable levels by time:
     D:5: 1962 daAuts
     D:1: 1106 daAuts
     D:4: 1006 daAuts
     D:2: 906 daAuts
     D:3: 893 daAuts
     D:6: 833 daAuts
  Temple: 44 daAuts
